[Event "Titled Tuesday Blitz January 18 2022"]
[White "Firat, Burak"]
[Black "Kanyamarala, Tarun"]
[WhiteFideId "6305881"]
[BlackFideId "45004714"]
[WhiteElo "2419"]
[BlackElo "2144"]
[Result "1-0"]
[Round "05"]
[TimeControl "180+1"]
[Date "2022.01.18"]
[WhiteClock "0:00:57"]
[BlackClock "0:00:01"]

1. Nf3 d5 2. c4 d4 3. e4 Nc6 4. d3 e5 5. a3 a5 6. g3 Bc5 7. Bg2 Nge7 8. Nh4 O-O 9. O-O Rb8 10. Nd2 b5 11. cxb5 Rxb5 12. Qc2 Bd6 13. Nc4 Be6 14. Bd2 Qb8 15. Rab1 Qa7 16. Rfc1 Rfb8 17. b3 Bxc4 18. dxc4 d3 19. Qxd3 R5b7 20. Be3 Bc5 21. Nf5 Nd4 22. Bxd4 exd4 23. e5 Nxf5 24. Bxb7 Ne7 25. Be4 Bxa3 26. Re1 g6 27. f4 Bc5 28. f5 Rb4 29. f6 Nc8 30. Bd5 1-0


[Site "https://www.chess.com"]

[Event "Titled Tuesday Blitz January 18 2022"]
[White "Goltsev, Dmitry"]
[Black "Navalgund, Niranjan"]
[WhiteFideId "24176710"]
[BlackFideId "5030854"]
[WhiteElo "2273"]
[BlackElo "2290"]
[Result "1-0"]
[Round "05"]
[TimeControl "180+1"]
[Date "2022.01.18"]
[WhiteClock "0:00:21"]
[BlackClock "0:00:50"]

1. e4 e5 2. Nf3 Nc6 3. Bb5 g5 4. d4 g4 5. Nxe5 Nxe5 6. dxe5 c6 7. Bc4 Qa5+ 8. Nc3 Qxe5 9. O-O Bd6 10. g3 Qc5 11. Qxg4 Qxc4 12. Qg7 f6 13. Qxh8 Qf7 14. f4 Bc5+ 15. Kh1 d6 16. e5 Bh3 17. Re1 O-O-O 18. Be3 Qh5 19. Rf1 Bxf1 20. Rxf1 Bxe3 21. exf6 Qh3 22. Rd1 Nh6 23. Qxh7 Qg4 24. Rf1 Nf5 25. f7 Nxg3+ 26. hxg3 Qxg3 27. Ne4 Qg4 28. Nxd6+ Kb8 29. f8=Q Qh3+ 30. Qxh3 Rxf8 31. Qd7 1-0


[Site "https://www.chess.com"]

[Event "Titled Tuesday Blitz January 18 2022"]
[White "Gontcharov, Vladislav"]
[Black "Panesar Vedant"]
[WhiteFideId "4123492"]
[BlackFideId "35033018"]
[WhiteElo "2503"]
[BlackElo "1971"]
[Result "0-1"]
[Round "05"]
[TimeControl "180+1"]
[Date "2022.01.18"]
[WhiteClock "0:00:01"]
[BlackClock "0:00:09"]

1. e4 c6 2. d4 d5 3. e5 Bf5 4. Nf3 e6 5. Be2 Ne7 6. O-O h6 7. c4 Nd7 8. Na3 Nc8 9. b3 Be7 10. Bb2 O-O 11. Qd2 Bh7 12. Nc2 Ncb6 13. Ne3 a5 14. c5 Nc8 15. a3 f6 16. b4 Be4 17. exf6 Bxf6 18. Ne5 Nxe5 19. dxe5 Bg5 20. f3 Bg6 21. g3 Bxe3+ 22. Qxe3 Ne7 23. g4 Qd7 24. Bc3 axb4 25. axb4 Bh7 26. Kg2 Ng6 27. f4 Ne7 28. Rxa8 Rxa8 29. Ra1 Be4+ 30. Kg3 Qe8 31. Rxa8 Qxa8 32. h4 h5 33. f5 hxg4 34. Bxg4 Bxf5 35. Be2 Qa3 36. Bd2 Qb2 37. Bc3 Qc2 38. Qd2 Qe4 39. Bf3 Qd3 40. Qxd3 Bxd3 41. Bg4 Kf7 42. h5 Bf5 43. Be2 Nc8 44. Kf4 Ne7 45. Kg5 Be4 46. h6 gxh6+ 47. Kxh6 d4 48. Bd2 d3 49. Bh5+ Kf8 50. Kg5 Nd5 51. Bg4 Ke7 52. Bh3 Bf3 53. Kh4 Be2 54. Kg3 Kd7 55. Kf2 Nc7 56. Ke3 Nd5+ 57. Kd4 Nc7 58. Ke4 Na6 59. Kd4 Ke7 60. Ke4 Kf7 61. Kd4 Nc7 62. Ke4 Kg6 63. Ke3 Kh5 64. b5 cxb5 65. Ba5 Nd5+ 66. Ke4 Bg4 67. Bf1 Bf5+ 0-1


[Site "https://www.chess.com"]

[Event "Titled Tuesday Blitz January 18 2022"]
[White "Goryachkina, Aleksandra"]
[Black "Kalogridis, Antonios"]
[WhiteFideId "4147103"]
[BlackFideId "25833901"]
[WhiteElo "2426"]
[BlackElo "1495"]
[Result "1-0"]
[Round "05"]
[TimeControl "180+1"]
[Date "2022.01.18"]
[WhiteClock "0:01:30"]
[BlackClock "0:00:48"]

1. e4 c6 2. d4 d5 3. e5 Bf5 4. Nd2 e6 5. Nb3 c5 6. dxc5 Bxc5 7. Nxc5 Qa5+ 8. c3 Qxc5 9. Nf3 Ne7 10. Nd4 Nbc6 11. Be3 Nxd4 12. Bxd4 Qc7 13. Be2 Nc6 14. f4 Nxd4 15. Qxd4 O-O 16. O-O f6 17. exf6 Rxf6 18. Bf3 Bg6 19. g3 Qb6 20. Qxb6 axb6 21. Rfe1 Bf5 22. a3 g6 23. Re5 h5 24. Rae1 Rff8 25. Kg2 Rae8 26. h3 Kf7 27. g4 hxg4 28. hxg4 Bd3 29. Kg3 Kf6 30. Bxd5 Rd8 31. Rxe6+ Kg7 32. Re7+ 1-0


[Site "https://www.chess.com"]

[Event "Titled Tuesday Blitz January 18 2022"]
[White "Gubajdullin, Alexei"]
[Black "Gelman, Alexander"]
[WhiteFideId "4141202"]
[BlackFideId "4118316"]
[WhiteElo "2268"]
[BlackElo "2375"]
[Result "1-0"]
[Round "05"]
[TimeControl "180+1"]
[Date "2022.01.18"]
[WhiteClock "0:00:22"]
[BlackClock "0:00:06"]

1. d4 Nf6 2. Nf3 c5 3. e3 d6 4. Be2 Nbd7 5. O-O e6 6. h3 a6 7. b3 b6 8. Bb2 Bb7 9. c4 Rg8 10. Nc3 g5 11. Nh2 h5 12. Bxh5 Nxh5 13. Qxh5 Nf6 14. Qe2 Be7 15. f3 Nh5 16. Qf2 Qc7 17. Rad1 O-O-O 18. Rfe1 Kb8 19. dxc5 dxc5 20. Nf1 f5 21. Rxd8+ Bxd8 22. Ne2 g4 23. hxg4 fxg4 24. f4 g3 25. Nexg3 Qh7 26. Be5+ Ka7 27. f5 exf5 28. Re2 Bh4 29. Qxf5 Nxg3 30. Nxg3 Qe7 31. Nf1 Rf8 32. Qh5 Bf6 33. Bf4 Bd4 34. exd4 Qf6 35. Rf2 Qxd4 36. Qe5 Qd3 37. b4 Rg8 38. bxc5 bxc5 39. Qxc5+ Ka8 40. Be3 Kb8 41. Qa7+ Kc8 42. Bf4 1-0


[Site "https://www.chess.com"]

[Event "Titled Tuesday Blitz January 18 2022"]
[White "Hakobyan, Aram"]
[Black "Jobava, Baadur"]
[WhiteFideId "13306677"]
[BlackFideId "13601520"]
[WhiteElo "3012"]
[BlackElo "2916"]
[Result "1-0"]
[Round "05"]
[TimeControl "180+1"]
[Date "2022.01.18"]
[WhiteClock "0:00:07"]
[BlackClock "0:00:01"]

1. d4 d5 2. c4 dxc4 3. Nf3 Nf6 4. e3 Bg4 5. Bxc4 e6 6. h3 Bh5 7. Nc3 Nc6 8. Bb5 Bb4 9. g4 Bg6 10. Bd2 O-O 11. Be2 Bd6 12. Nh4 e5 13. Nxg6 hxg6 14. d5 Ne7 15. Qb3 Nd7 16. h4 f5 17. h5 Qe8 18. Qc2 Nf6 19. hxg6 Nxg4 20. f3 Nh6 21. O-O-O Rf6 22. Kb1 Rxg6 23. Bd3 a6 24. Ne2 Qf7 25. Bc3 b5 26. a3 Nxd5 27. Bd2 Ne7 28. Rh4 Rd8 29. Rdh1 c5 30. Qc1 c4 31. Bc2 Bc5 32. Ba5 Rdd6 33. f4 e4 34. Bc3 Nd5 35. Be5 Bxe3 36. Qf1 Rde6 37. Qh3 Bc5 38. Ng3 Ne3 39. Nxe4 fxe4 40. Bxe4 Bf8 41. Qxe3 Be7 42. Rh5 Bf6 43. Bd5 Bxe5 44. Rxe5 Ng4 45. Qh3 Rh6 46. Bxe6 Nxe5 47. Bxf7+ Nxf7 48. Qc8+ Kh7 49. Rxh6+ Nxh6 50. Qxa6 1-0


[Site "https://www.chess.com"]

[Event "Titled Tuesday Blitz January 18 2022"]
[White "Halkias, Stelios"]
[Black "Brunner, Nicolas"]
[WhiteFideId "4201809"]
[BlackFideId "620246"]
[WhiteElo "2453"]
[BlackElo "2372"]
[Result "1/2-1/2"]
[Round "05"]
[TimeControl "180+1"]
[Date "2022.01.18"]
[WhiteClock "0:00:17"]
[BlackClock "0:00:11"]

1. e4 e5 2. Nf3 Nc6 3. Bc4 Nf6 4. d3 Be7 5. O-O O-O 6. a4 d5 7. exd5 Nxd5 8. h3 Kh8 9. a5 a6 10. Re1 f6 11. Nbd2 Bb4 12. c3 Bxa5 13. Ne4 Bb6 14. Nh4 Nce7 15. d4 exd4 16. cxd4 Nf5 17. Nxf5 Bxf5 18. Qh5 g6 19. Qf3 Bxd4 20. Bh6 Re8 21. Rad1 c5 22. Nxc5 Rxe1+ 23. Rxe1 Bxc5 24. Bxd5 Qa5 25. Rc1 Bd4 26. g4 Bd7 27. Qe4 Be5 28. g5 Bf5 29. Qc4 Qd2 30. gxf6 Qxh6 31. f7 Qf8 32. Re1 Bg7 33. Bxb7 Rd8 34. Bc6 Bd7 35. Bxd7 Rxd7 36. Re8 Rxf7 37. Rxf8+ Rxf8 38. Qxa6 Bd4 39. Qd6 Bxf2+ 40. Kg2 Rf5 41. Qd8+ Kg7 42. Qd7+ Kh6 43. Qxf5 gxf5 44. Kxf2 Kg5 45. b4 Kf6 46. Ke3 Ke5 47. b5 Kd5 48. Kf4 Kc5 49. Kxf5 Kxb5 50. Kf6 Kb6 51. h4 Kc7 52. h5 Kd7 53. Kg7 Ke7 54. h6 Ke8 55. Kg8 Ke7 56. Kg7 Ke8 57. Kxh7 Kf7 58. Kh8 Kf8 59. h7 Kf7 1/2-1/2


[Site "https://www.chess.com"]

[Event "Titled Tuesday Blitz January 18 2022"]
[White "Hardaway, Brewington"]
[Black "Wagner, Dennis"]
[WhiteFideId "30941849"]
[BlackFideId "24650684"]
[WhiteElo "1768"]
[BlackElo "2355"]
[Result "0-1"]
[Round "05"]
[TimeControl "180+1"]
[Date "2022.01.18"]
[WhiteClock "0:00:47"]
[BlackClock "0:00:20"]

1. e4 e5 2. Nf3 Nc6 3. Nc3 Nf6 4. Bb5 Bb4 5. Nd5 Bc5 6. d3 Nxd5 7. exd5 Nd4 8. Nxd4 Bxd4 9. c3 Bb6 10. O-O O-O 11. Be3 d6 12. d4 f5 13. dxe5 dxe5 14. Bxb6 axb6 15. f4 Qd6 16. Bc4 Qc5+ 17. Kh1 Qxc4 18. fxe5 Ra5 19. e6 Rxd5 20. Qh5 Bxe6 21. Rfe1 Rd2 22. Qg5 Rxb2 23. Rad1 Bd5 24. Re7 Rxg2 25. Rxg7+ Kh8 26. Rxh7+ Kxh7 27. Qh4+ Qxh4 0-1


[Site "https://www.chess.com"]

[Event "Titled Tuesday Blitz January 18 2022"]
[White "Harshavardhan G B"]
[Black "Sjoberg, Isak"]
[WhiteFideId "25059009"]
[BlackFideId "1521640"]
[WhiteElo "1831"]
[BlackElo "2016"]
[Result "0-1"]
[Round "05"]
[TimeControl "180+1"]
[Date "2022.01.18"]
[WhiteClock "0:00:19"]
[BlackClock "0:00:27"]

1. e4 e5 2. Nc3 Nf6 3. Bc4 Nc6 4. d3 Bb4 5. Ne2 d5 6. exd5 Nxd5 7. O-O Bxc3 8. bxc3 O-O 9. h3 Nb6 10. Bb3 Kh8 11. f4 f6 12. Ng3 exf4 13. Bxf4 Nd5 14. Bd2 Be6 15. Qe2 Re8 16. Rae1 Qd7 17. Qf2 a5 18. a4 Bf7 19. Ne4 b6 20. Bc4 Ne5 21. Bb3 Ng6 22. Kh2 c6 23. g3 Qc7 24. Kg2 Rad8 25. h4 Ne5 26. Kg1 Ng4 27. Qf3 Bh5 28. c4 Nge3 29. Qxh5 Rxe4 30. Qf3 Rg4 31. Rxe3 Nxe3 32. Bxe3 Rxg3+ 33. Kf2 Rxf3+ 34. Kxf3 Qh2 35. Bxb6 Re8 36. Rg1 Qh3+ 37. Kf2 Qxh4+ 38. Kf3 Qh5+ 39. Kg3 Re2 40. Bf2 Qg5+ 41. Kf3 Qh5+ 42. Kg2 Qg4+ 43. Kf1 Qf3 44. Rg2 Rd2 45. Kg1 Qh5 46. Rg3 Rd1+ 0-1


[Site "https://www.chess.com"]

[Event "Titled Tuesday Blitz January 18 2022"]
[White "Hasangatin, Ramil"]
[Black "Izoria, Zviad"]
[WhiteFideId "4122160"]
[BlackFideId "13601733"]
[WhiteElo "2375"]
[BlackElo "2626"]
[Result "1/2-1/2"]
[Round "05"]
[TimeControl "180+1"]
[Date "2022.01.18"]
[WhiteClock "0:00:09"]
[BlackClock "0:00:07"]

1. e4 c5 2. Nf3 e6 3. g3 Nc6 4. Bg2 Nf6 5. d3 d6 6. O-O Be7 7. c3 O-O 8. Re1 Bd7 9. Nbd2 Rc8 10. a3 b5 11. b4 Qb6 12. Bb2 Rfd8 13. d4 cxd4 14. cxd4 a5 15. d5 exd5 16. exd5 Ne5 17. Bd4 Qa6 18. Nxe5 dxe5 19. Bxe5 Bg4 20. Qb3 Bf5 21. Rac1 Rxc1 22. Rxc1 axb4 23. axb4 h6 24. d6 Bxd6 25. Bxf6 gxf6 26. Nf1 Be6 27. Qe3 Bf8 28. Qf4 Qa4 29. Qxf6 Rd1 30. Rxd1 Qxd1 31. Qe5 Qa4 32. Bc6 Qxb4 33. Qxb5 Qxb5 34. Bxb5 Bc5 35. Be2 Kg7 36. Kg2 Kf6 37. Nd2 Ke5 38. Bc4 Bb4 39. Bxe6 Bxd2 40. Bxf7 Bc1 41. Bh5 Bd2 42. Kf3 Bc1 43. Kg4 Bd2 44. f4+ Kf6 45. Be8 Be3 46. Bb5 Bg1 47. h3 Kg7 48. Kf5 Bh2 49. g4 Bg3 50. g5 hxg5 51. fxg5 Be1 52. Kg4 Bc3 53. h4 Bb2 54. Kf5 Bd4 55. Bd3 Bf2 56. h5 Be3 57. h6+ Kf8 58. Bc4 Bd2 59. Kf6 Bc1 60. Kg6 Bd2 61. Kh5 Bc1 62. g6 Bb2 63. Kg4 Bc3 64. Kf5 Bb2 65. Bb3 Bc3 66. Ke6 Bb2 67. Kd7 Bc3 68. g7+ Bxg7 69. hxg7+ Kxg7 1/2-1/2


[Site "https://www.chess.com"]

[Event "Titled Tuesday Blitz January 18 2022"]
[White "Hjartarson, Johann"]
[Black "Yeletsky, Ivan"]
[WhiteFideId "2300044"]
[BlackFideId "24180327"]
[WhiteElo "2484"]
[BlackElo "2348"]
[Result "0-1"]
[Round "05"]
[TimeControl "180+1"]
[Date "2022.01.18"]
[WhiteClock "0:01:17"]
[BlackClock "0:01:41"]

1. c4 e5 2. Nc3 Bb4 3. Nd5 a5 4. Nf3 d6 5. e3 Nf6 6. a3 Nxd5 7. cxd5 Bc5 8. d4 exd4 9. Nxd4 O-O 10. Be2 Qf6 11. Nb5 c6 12. Nc3 Re8 13. O-O Nd7 14. Kh1 Qh4 15. g3 Qe7 16. e4 Nf6 17. Bf3 Bh3 18. Bg2 Bxg2+ 19. Kxg2 Nxe4 20. Re1 Nxc3 0-1


[Site "https://www.chess.com"]

[Event "Titled Tuesday Blitz January 18 2022"]
[White "Howell, David W L"]
[Black "Nazari, Arad"]
[WhiteFideId "410608"]
[BlackFideId "12577324"]
[WhiteElo "2559"]
[BlackElo "2120"]
[Result "1-0"]
[Round "05"]
[TimeControl "180+1"]
[Date "2022.01.18"]
[WhiteClock "0:01:15"]
[BlackClock "0:00:01"]

1. e4 d5 2. d3 c5 3. Be2 Nc6 4. f4 e5 5. exd5 Qxd5 6. Bf3 Qd6 7. Ne2 Nd4 8. Nxd4 exd4 9. O-O Be7 10. Re1 Nf6 11. Qe2 Rb8 12. Na3 b5 13. f5 Rb6 14. Bf4 Qd8 15. g4 h5 16. g5 Bxf5 17. gxf6 Rxf6 18. Nxb5 Be6 19. Nc7+ Kf8 20. Nxe6+ Rxe6 21. Qd2 Rf6 22. Be4 Qb6 23. b3 Rg8 24. Kh1 Re6 25. Bd5 Rxe1+ 26. Rxe1 Bd6 27. Qe2 g6 28. Bh6+ 1-0


[Site "https://www.chess.com"]

[Event "Titled Tuesday Blitz January 18 2022"]
[White "Iskusnyh, Sergei"]
[Black "Pakleza, Zbigniew"]
[WhiteFideId "4120027"]
[BlackFideId "1119290"]
[WhiteElo "2492"]
[BlackElo "2467"]
[Result "1-0"]
[Round "05"]
[TimeControl "180+1"]
[Date "2022.01.18"]
[WhiteClock "0:01:20"]
[BlackClock "0:00:06"]

1. d4 d6 2. Nf3 Bg4 3. c4 c6 4. g3 Bxf3 5. exf3 e6 6. d5 exd5 7. cxd5 c5 8. Nc3 Nf6 9. Bh3 Be7 10. O-O O-O 11. Re1 Nbd7 12. f4 Re8 13. Bd2 Nb6 14. Qb3 Bf8 15. a4 Qc7 16. a5 Rxe1+ 17. Rxe1 Nbd7 18. Nb5 Qb8 19. Bc3 a6 20. Na3 b5 21. axb6 Qxb6 22. Qa4 Qc7 23. Nc4 h5 24. Qc6 Rc8 25. Bxf6 Qxc6 26. dxc6 Rxc6 27. Bxd7 Rc7 28. Bf5 gxf6 29. Rd1 Rb7 30. Be4 Rb4 31. Bd5 Kg7 32. Ra1 Rb3 33. Rxa6 Rd3 34. Ne3 1-0


[Site "https://www.chess.com"]

[Event "Titled Tuesday Blitz January 18 2022"]
[White "Ivanov, Oleg"]
[Black "Ozer, Omer Faruk"]
[WhiteFideId "4103114"]
[BlackFideId "6354564"]
[WhiteElo "2835"]
[BlackElo "2050"]
[Result "0-1"]
[Round "05"]
[TimeControl "180+1"]
[Date "2022.01.18"]
[WhiteClock "0:00:41"]
[BlackClock "0:00:38"]

1. c4 e6 2. Nf3 d5 3. g3 Nf6 4. Bg2 Be7 5. O-O O-O 6. d4 dxc4 7. Qc2 b6 8. Ne5 Qxd4 9. Bxa8 Qxe5 10. Bf4 Qh5 11. Bf3 Ng4 12. Bxg4 Qxg4 13. f3 Qh5 14. Bxc7 Qc5+ 15. Kg2 Qxc7 16. Nd2 b5 17. a4 a6 18. axb5 axb5 19. b3 c3 20. Rfc1 b4 21. Nc4 Nc6 22. Rd1 Bb7 23. h4 Bf6 24. e3 Ne5 25. Nxe5 Bxe5 26. g4 Bh2 27. Qf2 Be5 28. Rac1 Rd8 29. e4 Bf4 30. Rxd8+ Qxd8 31. Rc2 h6 32. Qa7 Qd3 33. Rf2 c2 0-1


[Site "https://www.chess.com"]

[Event "Titled Tuesday Blitz January 18 2022"]
[White "Jary, Sergey"]
[Black "Sychev, Klementy"]
[WhiteFideId "14110350"]
[BlackFideId "4114060"]
[WhiteElo "2260"]
[BlackElo "2564"]
[Result "0-1"]
[Round "05"]
[TimeControl "180+1"]
[Date "2022.01.18"]
[WhiteClock "0:00:05"]
[BlackClock "0:02:26"]

1. e4 g6 2. d4 Bg7 3. c4 Nc6 4. Be3 e5 5. d5 Nd4 6. Ne2 c5 7. dxc6 dxc6 8. Nbc3 Ne7 9. Qd2 O-O 10. O-O-O c5 11. Nd5 Nxd5 12. exd5 b5 13. cxb5 a6 14. Nc3 axb5 15. Bxd4 cxd4 16. Nxb5 Rxa2 17. Kb1 Ra5 18. Bd3 e4 19. Bc4 e3 20. fxe3 Bf5+ 21. e4 Bxe4+ 22. Bd3 Rxb5 23. Bxe4 d3 24. Bxd3 Rxb2+ 25. Qxb2 Bxb2 26. Kxb2 Qxd5 27. Rd2 Qd4+ 28. Kc2 Rc8+ 29. Kb1 Rb8+ 30. Kc2 Qb2+ 31. Kd1 Qa1+ 32. Ke2 Qxh1 0-1


[Site "https://www.chess.com"]

[Event "Titled Tuesday Blitz January 18 2022"]
[White "Kamsky, Gata"]
[Black "Kim, Sergey"]
[WhiteFideId "2000024"]
[BlackFideId "13700570"]
[WhiteElo "2645"]
[BlackElo "2574"]
[Result "0-1"]
[Round "05"]
[TimeControl "180+1"]
[Date "2022.01.18"]
[WhiteClock "0:00:02"]
[BlackClock "0:00:22"]

1. e4 e5 2. Nf3 Nc6 3. Bb5 a6 4. Ba4 Nf6 5. O-O b5 6. Bb3 Bc5 7. a4 Bb7 8. d3 d6 9. Nc3 b4 10. Ne2 h6 11. a5 O-O 12. Ng3 Bc8 13. c3 Rb8 14. d4 Ba7 15. Ba4 Bd7 16. h3 Re8 17. Re1 bxc3 18. bxc3 exd4 19. cxd4 Nb4 20. Bb3 Be6 21. d5 Bd7 22. Be3 Bxe3 23. Rxe3 c5 24. dxc6 Bxc6 25. Qd4 Ba8 26. Nf5 Rxe4 27. Rxe4 Bxe4 28. Nxd6 Bxf3 29. Bxf7+ Kh8 30. Bg6 Bd5 31. Qe5 Nc6 32. Qf4 Qf8 33. Rd1 Rd8 34. Nb7 Rd7 35. Rb1 Bf7 36. Bf5 Re7 37. Nd6 Bg8 38. Rb6 Ne5 39. Rxa6 Ne8 40. Nxe8 Rxe8 41. Rb6 Nd3 42. Qf3 Ne1 43. Qg4 Qe7 44. Qg6 Rf8 45. a6 Nd3 46. Rb7 Qe1+ 47. Kh2 Qe5+ 48. Qg3 Qxg3+ 49. Kxg3 Rxf5 50. a7 Ra5 0-1


[Site "https://www.chess.com"]

[Event "Titled Tuesday Blitz January 18 2022"]
[White "Kaufman, Raymond"]
[Black "Mokshanov, Alexey"]
[WhiteFideId "2015056"]
[BlackFideId "24121657"]
[WhiteElo "2321"]
[BlackElo "2141"]
[Result "1/2-1/2"]
[Round "05"]
[TimeControl "180+1"]
[Date "2022.01.18"]
[WhiteClock "0:00:24"]
[BlackClock "0:00:47"]

1. e4 e6 2. d4 d5 3. Nc3 Nf6 4. e5 Nfd7 5. f4 c5 6. Nf3 Nc6 7. Be3 Be7 8. Qd2 O-O 9. dxc5 Bxc5 10. O-O-O Qa5 11. Bxc5 Nxc5 12. Kb1 Rb8 13. Nd4 a6 14. Nxc6 bxc6 15. Nxd5 Qa3 16. Qc3 Rxb2+ 17. Qxb2 Qxb2+ 18. Kxb2 cxd5 19. c4 Bb7 20. Be2 dxc4 21. Bxc4 Bxg2 22. Rhg1 Be4 23. Rd6 Rb8+ 24. Kc3 g6 25. Kd4 Rc8 26. Rd1 Bf3 27. Rf1 Bg2 28. Rb1 Kg7 29. Bxa6 Nxa6 30. Rxa6 Bd5 31. Rb4 Rc2 32. a4 Rxh2 33. a5 h5 34. Rd6 Ra2 35. a6 h4 36. Rb1 h3 37. Rxd5 exd5 38. Rh1 Rxa6 39. Rxh3 Ra4+ 40. Ke3 Re4+ 41. Kf3 g5 42. fxg5 Kg6 43. Rh6+ Kxg5 44. Rf6 Rxe5 45. Rxf7 Rf5+ 46. Rxf5+ Kxf5 47. Ke3 Ke5 48. Kd3 d4 49. Kd2 Ke4 50. Ke2 d3+ 51. Kd2 Kd4 52. Kd1 Kd5 53. Kd2 Ke4 54. Kd1 Ke3 55. Ke1 Kd4 56. Kd2 Kc4 57. Kd1 Kc3 58. Kc1 d2+ 59. Kd1 Kd3 1/2-1/2


[Site "https://www.chess.com"]

[Event "Titled Tuesday Blitz January 18 2022"]
[White "Kepeshchuk, Mykhaylo"]
[Black "Gomez Ledo, Roberto Carlos"]
[WhiteFideId "14113139"]
[BlackFideId "3507076"]
[WhiteElo "2279"]
[BlackElo "2379"]
[Result "1-0"]
[Round "05"]
[TimeControl "180+1"]
[Date "2022.01.18"]
[WhiteClock "0:00:08"]
[BlackClock "0:00:03"]

1. d4 Nf6 2. c4 e6 3. g3 d5 4. Bg2 Be7 5. Nf3 O-O 6. O-O dxc4 7. Ne5 Nc6 8. Nxc6 bxc6 9. Na3 Bxa3 10. bxa3 Nd5 11. Qa4 Nb6 12. Qxc6 Rb8 13. Qc5 Bb7 14. e4 Ba6 15. Bf4 Qd7 16. Qxc7 Qxc7 17. Bxc7 Rbc8 18. Bd6 Rfd8 19. Bc5 Rd7 20. Rfd1 h6 21. Rac1 Na4 22. Bb4 c3 23. d5 Nb2 24. d6 Nxd1 25. Rxd1 c2 26. Rc1 Be2 27. e5 f6 28. f4 Kf7 29. Be4 Bd1 30. Kf2 Rc4 31. Ke3 g5 32. Bd3 Rc8 33. Kd2 Rcd8 34. Bxc2 Bxc2 35. Rxc2 gxf4 36. gxf4 Kg6 37. Ke3 Kf5 38. Rc5 fxe5 39. Rxe5+ Kf6 40. Rh5 Kg6 41. Ra5 Kf6 42. Ke4 Kg6 43. Re5 Kf7 44. Rh5 Kg6 45. Ra5 Kf7 46. Ra6 Kf6 47. Ra5 Kg6 48. Ke5 Kf7 49. Ra6 Rc8 50. h4 Rc2 51. h5 Re2+ 52. Kd4 Kf6 53. Ra5 Kf7 54. Re5 Rxe5 55. fxe5 Ke8 56. Kc5 Kd8 57. Kc6 Kc8 58. Bc5 Rf7 59. a4 Rd7 60. a5 Rf7 61. a6 Rd7 62. a4 Rf7 63. a5 Rd7 64. Be3 Rh7 65. Bf4 Kd8 66. Bg3 Kc8 67. Bh4 Rd7 68. Be7 Rd8 69. Bxd8 Kxd8 70. Kb7 Kd7 71. Kxa7 Kc8 72. Kb6 Kd7 73. a7 1-0


[Site "https://www.chess.com"]

[Event "Titled Tuesday Blitz January 18 2022"]
[White "Klukin, Kirill"]
[Black "Lenderman, Aleksandr"]
[WhiteFideId "24199273"]
[BlackFideId "2021285"]
[WhiteElo "2324"]
[BlackElo "2651"]
[Result "1-0"]
[Round "05"]
[TimeControl "180+1"]
[Date "2022.01.18"]
[WhiteClock "0:00:27"]
[BlackClock "0:00:01"]

1. Nf3 b6 2. b3 Bb7 3. Bb2 c5 4. e3 Nf6 5. Be2 e6 6. O-O Be7 7. c4 O-O 8. d4 cxd4 9. Nxd4 d5 10. Nc3 Nc6 11. cxd5 Nxd4 12. Qxd4 Bc5 13. Qe5 exd5 14. Rfd1 Re8 15. Qg5 d4 16. Na4 h6 17. Qh4 Re4 18. Qg3 Bd6 19. Qh3 dxe3 20. f3 Re6 21. Bc4 e2 22. Re1 Bd5 23. Bxf6 Qxf6 24. Bxd5 Qd4+ 25. Kh1 Qxd5 26. Nc3 Qd3 27. Ne4 Be5 28. Rac1 Rd8 29. Qh4 Ree8 30. Qf2 f5 31. Ng3 Bd4 32. Qxe2 Rxe2 33. Nxe2 Be3 34. Rb1 Bd2 35. Nf4 1-0


[Site "https://www.chess.com"]

[Event "Titled Tuesday Blitz January 18 2022"]
[White "Koelle, Tobias"]
[Black "Corrales Jimenez, Fidel"]
[WhiteFideId "16207378"]
[BlackFideId "3506690"]
[WhiteElo "2541"]
[BlackElo "2541"]
[Result "0-1"]
[Round "05"]
[TimeControl "180+1"]
[Date "2022.01.18"]
[WhiteClock "0:00:05"]
[BlackClock "0:00:45"]

1. d4 Nf6 2. c4 g6 3. f3 d5 4. cxd5 Nxd5 5. e4 Nb6 6. Nc3 Bg7 7. Be3 O-O 8. Qd2 Nc6 9. O-O-O f5 10. e5 Nb4 11. h4 f4 12. Bxf4 Be6 13. h5 Nxa2+ 14. Nxa2 Bxa2 15. hxg6 Qd5 16. Bh6 hxg6 17. Bxg7 Kxg7 18. Ne2 Bb3 19. Nc3 Qa5 20. Qh6+ Kf7 21. Bd3 Qa1+ 22. Bb1 Rg8 23. d5 Raf8 24. d6 Nc4 25. Rd2 Nxd2 26. Qxd2 Rh8 27. Rxh8 Rxh8 28. Qf4+ Kg7 29. dxe7 Rh1+ 30. Kd2 Qxb2+ 31. Kd3 Rd1+ 32. Nxd1 Qxb1+ 33. Kc3 Qc2+ 34. Kb4 a5+ 35. Kxa5 Qc5# 0-1


[Site "https://www.chess.com"]

[Event "Titled Tuesday Blitz January 18 2022"]
[White "Kosakowski, Jakub"]
[Black "Onyshchuk, Volodymyr"]
[WhiteFideId "1185080"]
[BlackFideId "14114038"]
[WhiteElo "2476"]
[BlackElo "2642"]
[Result "1-0"]
[Round "05"]
[TimeControl "180+1"]
[Date "2022.01.18"]
[WhiteClock "0:00:27"]
[BlackClock "0:00:01"]

1. Nf3 g6 2. e4 Bg7 3. d4 d6 4. Bc4 e6 5. O-O Ne7 6. Re1 a6 7. Nbd2 b6 8. Nf1 Bb7 9. a4 Nd7 10. Bb3 h6 11. c3 O-O 12. Ng3 Qb8 13. h4 Qa7 14. h5 g5 15. Nh2 e5 16. Ng4 Rae8 17. Qf3 Qa8 18. Bxg5 hxg5 19. h6 Bh8 20. Nh5 Kh7 21. Bxf7 Qd8 22. Nhf6+ Nxf6 23. Nxf6+ Bxf6 24. Qxf6 Nf5 25. Qg6+ Kh8 26. exf5 Rg8 27. Bxg8 Rxg8 28. Qf7 e4 29. d5 Qf8 30. Qxc7 Bxd5 31. Rad1 Qxf5 32. Qxd6 Bf7 33. Qd4+ 1-0


[Site "https://www.chess.com"]

[Event "Titled Tuesday Blitz January 18 2022"]
[White "Kosteniuk, Alexandra"]
[Black "Iljin, Timofey"]
[WhiteFideId "4128125"]
[BlackFideId "14110180"]
[WhiteElo "2469"]
[BlackElo "2396"]
[Result "1-0"]
[Round "05"]
[TimeControl "180+1"]
[Date "2022.01.18"]
[WhiteClock "0:00:06"]
[BlackClock "0:00:02"]

1. e4 e5 2. f4 exf4 3. Nf3 g5 4. d4 Bg7 5. h4 h6 6. Bc4 d6 7. Nc3 Bg4 8. O-O Nc6 9. Ne2 Qe7 10. c3 O-O-O 11. d5 Ne5 12. Bb5 Nf6 13. Qa4 Kb8 14. Bd2 Nxf3+ 15. gxf3 Bh3 16. Be1 Bxf1 17. Bf2 a6 18. Bxa6 bxa6 19. Qxa6 Bxe2 20. Qxe2 Nxd5 21. Qb5+ Nb6 22. a4 Qd7 23. Qb3 Qe6 24. Qb5 Qc4 25. Qf5 d5 26. a5 Nc8 27. a6 Na7 28. Qxf7 Bxc3 29. bxc3 Qxc3 30. Rb1+ Ka8 31. Rb7 Qc1+ 32. Kg2 Nc6 33. Qxc7 Rc8 34. Ra7+ Nxa7 35. Qb7# 1-0


[Site "https://www.chess.com"]

[Event "Titled Tuesday Blitz January 18 2022"]
[White "Kovalev, Vladislav"]
[Black "Oparin, Grigoriy"]
[WhiteFideId "13504398"]
[BlackFideId "24125890"]
[WhiteElo "2530"]
[BlackElo "2685"]
[Result "0-1"]
[Round "05"]
[TimeControl "180+1"]
[Date "2022.01.18"]
[WhiteClock "0:00:03"]
[BlackClock "0:00:10"]

1. e4 c6 2. Nf3 d5 3. d3 g6 4. Qe2 Bg7 5. g3 Bg4 6. Bg2 Nd7 7. Nbd2 e6 8. h3 Bxf3 9. Nxf3 Ne7 10. O-O O-O 11. c3 a5 12. d4 dxe4 13. Qxe4 a4 14. h4 h6 15. Bf4 Nd5 16. Qe2 Nxf4 17. gxf4 Qf6 18. Qe4 Ra5 19. Ne5 Rd8 20. h5 g5 21. fxg5 Qxg5 22. f4 Qxh5 23. Rf3 f5 24. Qe2 Nf6 25. Nc4 Raa8 26. Qxe6+ Kh7 27. Rh3 Qe8 28. Qxf5+ Kg8 29. Ne5 Nd5 30. Bxd5+ Rxd5 31. Kh2 Qf8 32. Qe6+ Kh7 33. Qg6+ Kg8 34. Rg1 Rd6 35. Qe4 Re8 36. Rhg3 Re7 37. f5 Rf6 38. Qg4 h5 39. Qxh5 Rxf5 40. Qh4 Rf2+ 41. R1g2 Rxg2+ 42. Kxg2 Re6 43. Qg4 Qe7 44. Qe2 b5 45. Qh5 Rf6 46. Rh3 Qe6 47. Rg3 Kf8 48. Qe2 Qd5+ 49. Kg1 Qe6 50. Qg2 Qxa2 51. Rxg7 Qb1+ 52. Kh2 Rh6+ 53. Kg3 Kxg7 54. Kf4+ Kf8 55. Qg5 Qc1+ 56. Kf5 Qxg5+ 57. Kxg5 Rh2 58. Nxc6 Rxb2 59. d5 a3 60. d6 Rd2 0-1


[Site "https://www.chess.com"]